 Dungeon Crawl Stone Soup version 0.27-a0-1528-g90fbb72469 (webtiles) character file.

Game seed: 14244735817856812349

21 Essalna the Gusty (level 2, 0/15 HPs)
             Began as a Tengu Air Elementalist on July 11, 2021.
             Succumbed to an adder's poison
             ... on level 2 of the Dungeon.
             The game lasted 00:01:50 (1008 turns).

Essalna the Gusty (Tengu Air Elementalist)          Turns: 1008, Time: 00:01:50

Health: 0/15       AC:  2    Str:  8    XL:     2   Next: 87%
Magic:  0/6        EV: 12    Int: 15    God:
Gold:   98         SH:  0    Dex: 14    Spells: 5/6 levels left

rFire    + . .     SeeInvis .   (no weapon)
rCold    + . .     Faith    .   (no shield)
rNeg     . . .     Spirit   .   a - +0 robe
rPois    +         Reflect  .   (helmet restricted)
rElec    +         Harm     .   (no cloak)
rCorr    +         Rampage  .   (no gloves)
Will     .....                  (boots unavailable)
Stlth    ++........             (no amulet)
HPRegen  0.05/turn              (no ring)
MPRegen  0.10/turn              (no ring)

@: lethally poisoned (0 -> -11), resistant
A: beak, talons 3
a: no special abilities


You were on level 2 of the Dungeon.
You visited 1 branch of the dungeon, and saw 2 of its levels.

You collected 98 gold pieces.

Inventory:

Missiles
 f - 2 atropa-tipped darts
Armour
 a - a +0 robe (worn)
Scrolls
 b - 3 scrolls of holy word {unknown}
 c - a scroll of fear {unknown}
 e - a scroll of amnesia {unknown}
 g - a scroll of identify {unknown}
Potions
 d - a potion of resistance


   Skills:
 - Level 2.1 Dodging
 - Level 2.0 Stealth
 + Level 2.6 Spellcasting
 - Level 1.3 Conjurations
 + Level 4.7 Air Magic


You had 5 spell levels left.
You knew the following spells:

 Your Spells              Type           Power      Damage    Failure   Level
a - Shock                 Conj/Air       44%        1d5       6%          1

Your spell library contained the following spells:

 Spells                   Type           Power      Damage    Failure   Level
 Static Discharge         Conj/Air       11%        N/A       9%          2
 Swiftness                Air            16%        N/A       9%          3
 Airstrike                Air            8%         N/A       30%         4


Dungeon Overview and Level Annotations

Branches:
Dungeon (2/15)

Altars:


Innate Abilities, Weirdness & Mutations

You have a beak for a mouth.
You have claws for feet.


Message History

The zap misses the adder.
The zap misses the adder.
The zap misses the adder.
The adder barely misses you.
The zap hits the adder.
The adder is severely wounded.
The adder bites you.
You are too depleted to draw on your mana recklessly!
You are too depleted to draw on your mana recklessly!
You are too depleted to draw on your mana recklessly!
You barely miss the adder. Your kick misses the adder.
The adder is severely wounded.
The adder barely misses you.
Your magical contamination has completely faded away.
You barely miss the adder.
The adder is severely wounded.
The adder bites you.
You are poisoned.
The adder poisons you! The adder bites you but does no damage.
You barely miss the adder.
The adder is severely wounded.
You feel sick. The adder barely misses you.
You closely miss the adder.
The adder is severely wounded.
You feel sick. The adder barely misses you.
Casting: Shock (safe; 6% risk of failure)
Confirm with . or Enter, or press ? or * to list all spells.
Aiming: Shock (safe; 6% risk of failure)
Press: ? - help, Shift-Dir - straight line, f/p - adder
Aim: an adder (severely wounded, 48% to hit)
The zap misses the adder.
You feel sick. The adder barely misses you. The adder misses you.
You barely miss the adder.
The adder is severely wounded.
You feel sick. The adder bites you.
* * * LOW HITPOINT WARNING * * *
You are more poisoned.
The adder poisons you!
It was a potion of resistance.
You feel protected.
You die...

...#
#..P....######
...#
#..P♣........#
..## #...
♣♣.......# ..#
... ♣)......#
### #.
♣.......# #
#......###(####
# # ....P.#
#..###..# #####
.♣P♣..
###........
....# ♣.
#..@.##..##
###.# .. #.#S.#
... #...# P.
#.#..# ## #.###
... . #...
#..<# ## #...#
##### #.#.#
..... #.#..
####### #....#
.>....#


You could see an adder.

Vanquished Creatures
  A ball python (D:1)
  2 endoplasms
  A giant cockroach (D:2)
  A goblin (D:2)
  2 hobgoblins
  3 jackals (D:1)
  A kobold (D:2)
  A quokka (D:1)
  A bat (D:2)
  2 frilled lizards
  4 rats
19 creatures vanquished.

Vanquished Creatures (others)
  8 plants (D:2)
8 creatures vanquished.

Grand Total: 27 creatures vanquished

Notes
Turn   | Place    | Note
-------+----------+-------------------------------------------
     0 | D:1      | Essalna the Tengu Air Elementalist began the quest for the
                  | Orb.
     0 | D:1      | Reached XP level 1. HP: 10/10 MP: 4/4
   221 | D:1      | Reached XP level 2. HP: 15/15 MP: 3/6
  1008 | D:2      | Succumbed to an adder's poison

Illustrated notes

Levels and vault maps discovered:
D:1:      lordsloth_arrival_two_stooges, layout_rooms
D:2:      layout_basic, serial_forest, infiniplex_forest_clump_double,
          infiniplex_forest_clump_diagonal, infiniplex_forest_clump_small,
          infiniplex_forest_lined_corner, infiniplex_forest_straight_4,
          infiniplex_forest_lined_corner, serial_park_tiny_pond

Action                   || total
-------------------------++-------
Melee: Unarmed           ||    14
       Kick              ||     3
       Peck              ||     2
 Cast: Shock             ||    38
  Use: Potion            ||     1
Armor: Robe              ||     3
Dodge: Dodged            ||    19

Table legend: (Time is in decaauts)
 A = Elapsed time spent in this place.
 B = Non-inter-level travel time spent in this place.
 C = Inter-level travel time spent in this place.
 D = Time resting spent in this place.
 E = Time spent auto-exploring this place.
 F = Levels seen in this place.
 G = Mean time per level.
                   A        B        C        D        E       F      G
               +--------+--------+--------+--------+--------+-----+--------+
         Total |   1007 |    985 |     22 |      0 |    884 |   2 |  503.5 |
       Dungeon |   1007 |    985 |     22 |      0 |    884 |   2 |  503.5 |
               +--------+--------+--------+--------+--------+-----+--------+

Top non-repeatable levels by time:
     D:1: 663 daAuts
     D:2: 344 daAuts
